 Dungeon Crawl Stone Soup version 0.16.0 (webtiles) character file.

791 Fiveotanaka the Destroyer (level 7, -6/55 HPs)
             Began as a Naga Fire Elementalist on Mar 22, 2015.
             Mangled by Menkaure (14 damage)
             ... on level 5 of the Dungeon.
             The game lasted 00:15:29 (5076 turns).

Fiveotanaka the Destroyer (Naga Fire Elementalist)  Turns: 5076, Time: 00:15:29

Health: -6/55      AC:  9    Str: 14    XL:     7   Next: 88%
Magic:  0/12       EV: 10    Int: 18    God:
Gold:   172        SH:  0    Dex: 11    Spells: 3 memorised, 3 levels left

rFire  . . .     SeeInvis +     s - +2 short sword (elec)
rCold  . . .     Clarity  .     a - +0 robe
rNeg   . . .     SustAb   .     (no shield)
rPois  +         Gourm    +     (no helmet)
rElec  .         Spirit   .     (no cloak)
rCorr  .         Warding  .     (no gloves)
rMut   .         Stasis   .     (no barding)
MR     .....                    F - amulet of the gourmand
Stlth  ++........               A - +4 ring of strength
                                d - +6 ring of protection

@: very slow, not resistant to hostile enchantments, unstealthy
A: spit poison, see invisible, deformed body, poison resistance, slowness 2, AC
+2
a: Spit Poison


You were on level 5 of the Dungeon.
You were hungry.

You visited 1 branch of the dungeon, and saw 5 of its levels.

You collected 172 gold pieces.

Inventory:

Hand weapons
 s - a +2 short sword of electrocution (weapon)
 D - a +0 blowgun
Missiles
 g - 84 stones (quivered)
 B - 23 poisoned needles
Armour
 a - a +0 robe (worn)
Jewellery
 d - a +6 ring of protection (left hand)
 w - an uncursed ring of stealth
 A - a +4 ring of strength (right hand)
 F - an amulet of the gourmand (around neck)
Magical devices
 e - a wand of fireball (5)
Scrolls
 f - a scroll of identify
 j - 2 scrolls of fear
 l - 2 scrolls of amnesia
 m - 4 scrolls of teleportation
 n - a scroll of blinking {unknown}
 q - 3 scrolls of remove curse
 r - a scroll of magic mapping {unknown}
 t - a scroll of recharging {unknown}
 v - a scroll of enchant weapon {unknown}
Potions
 o - a potion of haste {unknown}
 u - a potion of cancellation {unknown}
 x - a potion of ambrosia {unknown}
 E - a potion of brilliance {unknown}
 G - a potion of poison {unknown}
Books
 b - a book of Flames

   Spells                             Type                      Level
   a - Flame Tongue                   Conjuration/Fire             1
   b - Throw Flame                    Conjuration/Fire             2
   c - Conjure Flame                  Conjuration/Fire             3
   d - Inner Flame                    Hexes/Fire                   3
   e - Sticky Flame                   Conjuration/Fire             4
   f - Fireball                       Conjuration/Fire             5
 y - an Akashic Record {highlevel, unknown}

   This book is beyond your current level of understanding.

   Spells                             Type                      Level
   a - Dispersal                      Translocation                6
   b - Controlled Blink               Translocation                7
   c - Malign Gateway                 Summoning/Translocation      7
   d - Disjunction                    Translocation                8
   e - Singularity                    Translocation                9
 I - a book of Envenomations

   Spells                             Type                      Level
   a - Spider Form                    Transmutation/Poison         3
   b - Alistair's Intoxication        Transmutation/Poison         4
   c - Olgreb's Toxic Radiance        Poison                       4
   d - Poisonous Cloud                Conjuration/Poison/Air       6
Comestibles
 c - 4 bread rations
 h - 2 meat rations
 i - 2 slices of pizza
 k - 2 beef jerkies
 p - 4 fruits
 z - a royal jelly
 H - 2 chunks of flesh


   Skills:
 - Level 1.5 Dodging
 - Level 3.0 Stealth
 - Level 2.0 Spellcasting
 + Level 8.5 Conjurations
 - Level 3.0 Fire Magic


You had 3 spell levels left.
You knew the following spells:

 Your Spells              Type           Power        Failure   Level  Hunger
a - Flame Tongue          Conj/Fire      ###..        1%          1    #......
b - Throw Flame           Conj/Fire      ###...       2%          2    ###....
c - Sticky Flame          Conj/Fire      ###.....     21%         4    #####..


Dungeon Overview and Level Annotations

Branches:
Dungeon (5/15)
 Temple: D:4-7

Altars:
Trog
Xom
The Shining One

Annotations:
D:5 Menkaure


Innate Abilities, Weirdness & Mutations

You cannot wear boots.
You can spit poison.
Your serpentine skin is tough (AC +2).
You have supernaturally acute eyesight.
Armour fits poorly on your strangely shaped body.
Your system is resistant to poisons.
You cover ground very slowly.


Message History

Press: ? - help, Shift-Dir - straight line, f/p - gnoll
Aim: a gnoll (almost dead)
The puff of flame hits the gnoll.
You kill the gnoll!
Casting: Throw Flame
Confirm with . or Enter, or press ? or * to list all spells.
Aiming: Throw Flame
Press: ? - help, Shift-Dir - straight line, f - Menkaure
Aim: Menkaure (fast)
The puff of flame hits Menkaure.
Menkaure is burned terribly!
Menkaure is lightly damaged.
Menkaure hits you!
* * * LOW HITPOINT WARNING * * *
Menkaure hits you!
* * * LOW HITPOINT WARNING * * *
Drink which item? (? for menu, Esc to quit)
You feel better.
Menkaure giggles, "These cerements are ticklish..."
Menkaure hits you!
You die...

#.................#..K.....
#..........................
#..................M.......
#..................(.......
#.......###.##.#+#........
. ... #..#K# #......#.
####.. .. ##.#.#.###.####
...... #.#M..# .# ####.#
#.@##.###..# #.#
##.........#
####.###########..#.######
.....#....................
.....#.##########.#.######
...).#.#<.................
.........###.#......##....
.....)..####........# ..
#................#..#


You could see Menkaure and a kobold.

Vanquished Creatures
  An ogre (D:5)
  2 scorpions (D:5)
  A hound (D:5)
  2 orc priests
  A quasit (D:5)
  A gnoll shaman (D:5)
  An iguana (D:5)
  3 orc wizards (D:4)
  2 worker ants
  2 hound skeletons (D:4)
  6 gnolls (D:5)
  11 adders
  A giant mite (D:5)
  2 worms
  An adder skeleton (D:4)
  2 giant geckos
  An ooze (D:3)
  18 orcs
  2 bat skeletons
  4 goblins
  5 hobgoblins
  4 jackals (D:5)
  A ball python (D:4)
  6 bats
  2 giant cockroaches
  3 giant newts
  11 kobolds
  A quokka skeleton (D:4)
  9 rats
106 creatures vanquished.

Notes
Turn   | Place    | Note
--------------------------------------------------------------
     0 | D:1      | Fiveotanaka, the Naga Fire Elementalist, began the quest for the Orb.
     0 | D:1      | Reached XP level 1. HP: 15/15 MP: 3/3
   443 | D:1      | Reached XP level 2. HP: 19/22 MP: 2/4
   458 | D:1      | Learned a level 2 spell: Throw Flame
   927 | D:2      | Reached XP level 3. HP: 24/28 MP: 1/6
  1745 | D:2      | Reached XP level 4. HP: 33/36 MP: 1/7
  1855 | D:2      | Reached skill level 4 in Conjurations
  2393 | D:3      | Reached XP level 5. HP: 40/42 MP: 7/9
  2604 | D:3      | Found a glowing golden altar of the Shining One.
  2610 | D:3      | Reached skill level 5 in Conjurations
  2615 | D:3      | Found a bloodstained altar of Trog.
  2616 | D:3      | Found a shimmering altar of Xom.
  2936 | D:3      | Learned a level 4 spell: Sticky Flame
  3256 | D:4      | Reached XP level 6. HP: 40/49 MP: 6/10
  3259 | D:4      | Reached skill level 6 in Conjurations
  3984 | D:5      | Entered Level 5 of the Dungeon
  4087 | D:5      | Reached skill level 7 in Conjurations
  4087 | D:5      | Reached XP level 7. HP: 55/55 MP: 8/12
  4860 | D:5      | Reached skill level 8 in Conjurations
  5060 | D:5      | Noticed Menkaure
  5076 | D:5      | Mangled by Menkaure

Action                   |  1- 3 |  4- 6 |  7- 9 || total
-------------------------+-------+-------+-------++-------
Melee: Dagger            |    19 |     9 |       ||    28
       Short sword       |       |    67 |    19 ||    86
 Cast: Flame Tongue      |    42 |    77 |    24 ||   143
       Throw Flame       |       |     6 |    34 ||    40
 Abil: Spit Poison       |     3 |     6 |     2 ||    11
  Use: Scroll            |       |     2 |     2 ||     4
       Potion            |       |       |     2 ||     2
 Stab: Sleeping          |     1 |       |       ||     1
  Eat: Chunk             |     3 |     9 |     7 ||    19
